 Dungeon Crawl Stone Soup version 0.27-a0-334-g52645efa06 (webtiles) character file.

Game seed: 14420862587179996921

32 inc the Shield-Bearer (level 3, -2/36 HPs)
             Began as a Troll Fighter on Feb 13, 2021.
             Slain by an adder (4 damage)
             ... on level 3 of the Dungeon.
             The game lasted 00:01:56 (697 turns).

inc the Shield-Bearer (Troll Fighter)                Turns: 697, Time: 00:01:57

Health: -2/36      AC:  6    Str: 25    XL:     3   Next: 10%
Magic:  2/2        EV:  8    Int:  4    God:
Gold:   28         SH:  9    Dex:  9    Spells: 2/2 levels left

rFire    . . .     SeeInvis .     - Unarmed
rCold    . . .     Faith    .   b - +0 kite shield
rNeg     . . .     Spirit   .   a - +0 robe
rPois    .         Reflect  .   (helmet restricted)
rElec    .         Harm     .   (no cloak)
rCorr    .         Rampage  .   (gloves unavailable)
Will     .....                  (boots unavailable)
Stlth    +.........             (no amulet)
HPRegen  0.52/turn              (no ring)
MPRegen  0.08/turn              (no ring)

@: no status effects
A: large, unfitting armour, claws 3, regeneration 1, shaggy fur 1, tough skin 3
a: no special abilities


You were on level 3 of the Dungeon.
You visited 1 branch of the dungeon, and saw 3 of its levels.

You collected 28 gold pieces.

Inventory:

Armour
 a - a +0 robe (worn)
 b - a +0 kite shield (worn)
Scrolls
 g - 2 scrolls of teleportation {unknown}
 h - a scroll of identify {unknown}
 i - a scroll of amnesia {unknown}
 j - a scroll of fog {unknown}
Potions
 c - a potion of might
 d - a potion of heal wounds {unknown}
 e - a potion of curing {unknown}
 f - 2 potions of mutation {unknown}
 k - a potion of flight {unknown}


   Skills:
 - Level 2.4 Fighting
 - Level 2.4 Dodging
 + Level 3.0 Shields
 + Level 2.9 Unarmed Combat


You had 2 spell levels left.
You didn't know any spells.
Your spell library was empty.

Dungeon Overview and Level Annotations

Branches:
Dungeon (3/15)

Altars:
Ru

Annotations:
D:3 Jessica


Innate Abilities, Weirdness & Mutations

You are too large for most types of armour.
You have claws for hands.
Your natural rate of healing is unusually fast.
You are covered in fur. (AC +1)
You have extremely tough skin. (AC +3)


Message History

The centaur shouts!
You hear an angry hiss.
Found a scroll labelled RUL NETE HION.
Found a stone staircase leading down.
There is a stone staircase leading up here.
You scratch the rat.
You kill the rat!
The centaur wields a +0 shortbow.
The centaur shoots an arrow.
You block the arrow.
You hear an angry hiss.
You hear a shout! x2
The centaur shoots an arrow.
The arrow hits you!
* * * LOW HITPOINT WARNING * * *
You see here a scroll labelled RUL NETE HION.
An adder and a goblin come into view.
The adder hisses angrily.
The goblin shouts!
The centaur unwields a +0 shortbow.
The centaur barely misses you.
An adder comes into view.
You block the centaur's attack.
Jessica the Apprentice Sorceress comes into view.
The adder moves out of view.
Found a sacrificial altar of Ru.
You scratch the centaur but do no damage.
The centaur hits you.
* * * LOW HITPOINT WARNING * * *
Unknown command.
The centaur wields a +0 shortbow.
The centaur shoots an arrow.
The arrow barely misses you.
You see here a scroll labelled RUL NETE HION.
Unknown command.
Unknown command.
You claw the adder!
The adder is almost dead.
The adder barely misses you. The adder bites you but does no damage.
You scratch the adder but do no damage.
The adder is severely wounded.
You scratch the adder but do no damage.
The adder is severely wounded.
The centaur unwields a +0 shortbow.
You block the centaur's attack. The adder bites you.
* * * LOW HITPOINT WARNING * * *
The adder bites you.
You die...

########
#S@....#
#c####.#
#g.....#
_...g..@.#####
..#.#.#....
#.#.>.... #
######.# #


You could see a centaur, an adder, Jessica and a goblin.

Vanquished Creatures
  A gnoll (D:2)
  2 dart slugs (D:1)
  2 leopard geckos
  A ball python (D:1)
  3 goblins
  A hobgoblin (D:2)
  2 kobolds (D:1)
  3 bats
  3 rats
18 creatures vanquished.

Notes
Turn   | Place    | Note
-------+----------+-------------------------------------------
     0 | D:1      | inc the Troll Fighter began the quest for the Orb.
     0 | D:1      | Reached XP level 1. HP: 22/22 MP: 0/0
   226 | D:1      | Reached XP level 2. HP: 29/29 MP: 1/1
   680 | D:2      | Reached skill level 3 in Shields
   680 | D:2      | Reached XP level 3. HP: 10/36 MP: 2/2
   688 | D:3      | Noticed a centaur
   691 | D:3      | Found a sacrificial altar of Ru.
   691 | D:3      | Noticed Jessica
   697 | D:3      | Slain by an adder

Illustrated notes

Levels and vault maps discovered:
D:1:      wander_arrival_chamber, layout_loops_ring, minivault_26
D:2:      layout_loops_ring, lemuel_zombie_altar_kikubaaqudgha,
          minmay_door_square
D:3:      layout_basic, nicolae_ru_sacrificial_ziggurat,
          chequers_ecumenical_altar_simple_redux, portal_sewer_entry_e,
          tso_metal_star, uniq_jessica, uniq_terence

Skill      XL: |  1  2 |
---------------+-------+-----
Shields        | 3 |  3.0
Fighting       | |  2.4
Dodging        | |  2.4
Unarmed Combat | |  2.9

Action                   || total
-------------------------++-------
Melee: Unarmed           ||    41
Armor: Robe              ||    20
Dodge: Dodged            ||    15
Block: Kite shield       ||    19

Table legend: (Time is in decaauts)
 A = Elapsed time spent in this place.
 B = Non-inter-level travel time spent in this place.
 C = Inter-level travel time spent in this place.
 D = Time resting spent in this place.
 E = Time spent auto-exploring this place.
 F = Levels seen in this place.
 G = Mean time per level.
                   A        B        C        D        E       F      G
               +--------+--------+--------+--------+--------+-----+--------+
         Total |    703 |    670 |     33 |      0 |    567 |   3 |  234.3 |
       Dungeon |    703 |    670 |     33 |      0 |    567 |   3 |  234.3 |
               +--------+--------+--------+--------+--------+-----+--------+

Top non-repeatable levels by time:
     D:1: 653 daAuts
     D:2: 40 daAuts
     D:3: 9 daAuts
